 Seeded DCSS version 0.30-a0-12-gd8047c6341 (webtiles) character file.

Game seed: 17267400180320665562 (custom seed)

177 NinjaNoafa the Firebug (level 5, 0/38 HPs)
             Began as a Draconian Fire Elementalist on Aug 23, 2022.
             Slain by an orc
             ... wielding a +0 trident
              (3 damage)
             ... on level 3 of the Dungeon.
             The game lasted 00:05:51 (3342 turns).

NinjaNoafa the Firebug (DrFE)                       Turns: 3342, Time: 00:05:52

Health: 0/38       AC:  6    Str: 10    XL:     5   Next: 30%
Magic:  0/9        EV: 12    Int: 17    God:
Gold:   91         SH:  0    Dex: 12    Spells: 7/10 levels left

rFire   + . .      SeeInvis .    i - staff of conjuration
rCold   x . .      Faith    .    (no shield)
rNeg    . . .      Spirit   .    (body armour unavailable)
rPois   .          Reflect  .    (helmet restricted)
rElec   .          Harm     .    (no cloak)
rCorr   .          Rampage  .    k - +0 pair of gloves
Will    .....                    (no boots)
Stlth   ++........               (no amulet)
HPRegen 0.12/turn                j - ring of fire
MPRegen 0.11/turn                (no ring)

@: mighty
A: AC +5, unfitting armour, cold-blooded
a: no special abilities


You were on level 3 of the Dungeon.
You visited 1 branch of the dungeon, and saw 3 of its levels.

You collected 91 gold pieces.

Inventory:

Hand Weapons
 c - a +0 dagger of venom
Missiles
 b - 61 stones
 l - a throwing net
Armour
 k - a +0 pair of gloves (worn)
Magical Staves
 i - a staff of conjuration (weapon)
Jewellery
 j - a ring of fire (left hand)
 t - a ring of wizardry
Wands
 r - a wand of light (4)
Scrolls
 d - 3 scrolls of teleportation {unknown}
 e - 5 scrolls of identify {unknown}
 f - a scroll of magic mapping {unknown}
 g - a scroll of silence {unknown}
 m - a scroll of enchant weapon {unknown}
 n - 2 scrolls of fear {unknown}
 p - a scroll of blinking {unknown}
 q - a scroll of torment {unknown}
Potions
 a - a potion of magic
 o - a potion of resistance {unknown}
 s - a potion of haste {unknown}


   Skills:
 - Level 2.0 Dodging
 - Level 2.0 Stealth
 - Level 3.0 Spellcasting
 - Level 3.0 Conjurations
 + Level 4.4 Fire Magic


You had 7 spell levels left.
You knew the following spells:

 Your Spells              Type           Power      Damage    Failure   Level
a - Foxfire               Conj/Fire      100%       2x1d9     3%          1
b - Scorch                Fire           52%        2d7       4%          2

Your spell library contained the following spells:

 Spells                   Type           Power      Damage    Failure   Level
 Conjure Flame            Conj/Fire      34%        6-21      12%         3
 Sting                    Tmut/Pois      8%         1d3       17%         1
 Inner Flame              Hex/Fire       15%        N/A       22%         3
 Poisonous Vapours        Pois/Air       4%         N/A       26%         2
 Flame Wave               Conj/Fire      34%        2d10      36%         4
 Olgreb's Toxic Radiance  Pois           2%         N/A       86%         4


Dungeon Overview and Level Annotations

Branches:
Dungeon (3/15)

Altars:


Innate Abilities, Weirdness & Mutations

Your plain brown scales are hard. (AC +5)
You cannot fit into any form of body armour.
You are cold-blooded and may be slowed by cold attacks.


Message History

The foxfire hits the gnoll!
The gnoll is almost dead.
The foxfire hits the gnoll.
You kill the gnoll!
You hit the hobgoblin.
The hobgoblin is almost dead.
The hobgoblin hits you. The hobgoblin barely misses you.
You closely miss the hobgoblin.
The hobgoblin is almost dead.
The hobgoblin hits you.
You hear some strange, mumbled words.
Something tries to affect you, but you resist.
Casting: Foxfire (safe; 3% risk of failure)
Confirm with . or Enter, or press ? or * to list all spells.
You feel a strong surge of power!
You conjure some foxfire!
The hobgoblin hits you but does no damage.
Something hits you but does no damage.
You closely miss something.
The foxfire hits the hobgoblin.
You kill the hobgoblin!
The foxfire hits something but does no damage.
Something barely misses you. The orc misses you.
You miss something.
You hear some strange, mumbled words.
Something tries to affect you, but you resist.
The orc hits you but does no damage.
You closely miss something. Your punch misses something.
You hear some strange, mumbled words.
A puff of flame appears from out of thin air!
The puff of flame hits you. You resist.
* * * LOW HITPOINT WARNING * * *
The orc hits you from afar with a +0 trident.
* * * LOW HITPOINT WARNING * * *
It was a potion of might.
You feel very mighty all of a sudden. Something hits you.
* * * LOW HITPOINT WARNING * * *
The orc hits you with a +0 club.
* * * LOW HITPOINT WARNING * * *
The orc hits you from afar with a +0 trident.
You die...

###### #....# #....# #....#
######## #..oo# #......# ###
#..o.# #......########## #..
...#....####.)g...)........####.#
........'†.'.)oo@........†.......
...#...g####.).{...........######
#....# #...............# ......##
#......########## # #.#.#.##
######## #. .. #.#..## #. . #
#<..## ...r # #.#..### ..... #
#.##...## ...... #


You could see a gnoll and 2 orcs.

Vanquished Creatures
  6 adders
  3 gnolls
  A worm (D:2)
  A dart slug (D:2)
  7 orcs
  5 endoplasms (D:2)
  2 giant cockroaches (D:3)
  3 goblins
  8 hobgoblins
  8 jackals
  7 kobolds
  7 quokkas
  11 bats
  3 frilled lizards
  5 rats
77 creatures vanquished.

Vanquished Creatures (others)
  252 foxfires
252 creatures vanquished.

Grand Total: 329 creatures vanquished

Notes
Turn   | Place    | Note
-------+----------+-------------------------------------------
     0 | D:1      | NinjaNoafa the Draconian Fire Elementalist began the quest
                  | for the Orb.
     0 | D:1      | Reached XP level 1. HP: 14/14 MP: 3/3
   361 | D:1      | Reached XP level 2. HP: 20/20 MP: 1/5
   880 | D:1      | Found a faded altar of an unknown god.
  1401 | D:2      | Reached XP level 3. HP: 26/26 MP: 1/6
  2082 | D:2      | Reached XP level 4. HP: 33/33 MP: 0/8
  2905 | D:3      | Learned a level 2 spell: Scorch
  2925 | D:3      | Reached skill level 4 in Fire Magic
  3028 | D:3      | Reached XP level 5. HP: 38/38 MP: 5/9
  3342 | D:3      | Slain by an orc

Illustrated notes

Levels and vault maps discovered:
D:1:      roderic_crossed_star, layout_loops_cross,
          hellmonk_ecumenical_altar_arch_garden, minmay_misc_feat_plants,
          minmay_misc_feat_five, minivault_24
D:2:      layout_basic, minmay_heptomino_w4
D:3:      layout_basic, uniq_crazy_yiuf_cottage

Skill      XL: |  1  2  3  4  5 |
---------------+----------------+-----
Stealth        | 2 |  2.0
Dodging        | 2 |  2.0
Conjurations   | 2 3 |  3.0
Spellcasting   | 3 |  3.0
Fire Magic     | 4 |  4.4

Action                   |  1- 3 |  4- 6 || total
-------------------------+-------+-------++-------
Melee: Dagger            |     8 |       ||     8
       Staff             |       |    14 ||    14
       Tailslap          |       |     1 ||     1
 Cast: Foxfire           |    87 |    67 ||   154
       Scorch            |       |     7 ||     7
  Use: Potion            |       |     1 ||     1
 Stab: Sleeping          |       |     1 ||     1
Armor: Skin              |     2 |    29 ||    31
Dodge: Dodged            |    10 |    48 ||    58

Table legend: (Time is in decaauts)
 A = Elapsed time spent in this place.
 B = Non-inter-level travel time spent in this place.
 C = Inter-level travel time spent in this place.
 D = Time resting spent in this place.
 E = Time spent auto-exploring this place.
 F = Levels seen in this place.
 G = Mean time per level.
                   A        B        C        D        E       F      G
               +--------+--------+--------+--------+--------+-----+--------+
         Total |   3341 |   3260 |     81 |      0 |   2755 |   3 | 1113.7 |
       Dungeon |   3341 |   3260 |     81 |      0 |   2755 |   3 | 1113.7 |
               +--------+--------+--------+--------+--------+-----+--------+

Top non-repeatable levels by time:
     D:2: 1566 daAuts
     D:1: 1319 daAuts
     D:3: 455 daAuts
